AoeStats
← Malik Bhai

MegaRandom

507936163Analyzed
4v4 RM · 13d ago on Sep 20, 2026· 48m 8s· 8 players
Game mode
Random Map
Map size
Large (8 player)
Population
200
Speed
Normal
Resources
Standard
Victory
Conquest
Starting age
Dark Age
Ending age
Imperial Age
RankedLock teamsTeams togetherTeam positionsShared explorationLock speedFull tech treeHidden civsTurbo modeCheats
Victory
Defeat
🇵🇰 Khitans · Pakistan
1622
+7
🇵🇰 Khmer · Pakistan
1549
+9
🇻🇳 Maya · Vietnam
1353
+17
🇵🇰 Mongols · Pakistan
933
+30
🇳🇿 Dravidians · New Zealand
1571
-23
🇳🇿 Muisca · New Zealand
1383
-16
🇦🇺 Portuguese · Australia
1321
-14
🇳🇿 Malay · New Zealand
1202
-10
Vince
0:26 Loom
10:17 Feudal Age
14:52 Fletching
18:14 Padded Archer Armor
25:19 Castle Age
23:52 Gold Mining
24:45 Horse Collar
25:21 Crossbowman
25:57 Bodkin Arrow
26:18 Leather Archer Armor
26:33 Double-Bit Axe
Malik Bhai
7:31 Loom
10:02 Feudal Age
17:44 Castle Age
15:53 Double-Bit Axe
16:08 Horse Collar
18:42 Scale Barding Armor
18:48 Bloodlines
18:39 Husbandry
23:01 Chain Barding Armor
24:09 Bow Saw
26:16 Wheelbarrow
28:54 Forging
30:33 Iron Casting
34:31 Imperial Age
32:47 Heavy Plow
33:11 Gold Mining
35:54 Plate Barding Armor
34:41 Cavalier
36:43 Blast Furnace
35:28 Onager
37:18 Crop Rotation
37:07 Hand Cart
36:55 Fletching
37:35 Capped Ram
39:40 Heavy Scorpion
39:48 Light Cavalry
41:34 Double Crossbow
42:44 Chemistry
41:55 Clinker Construction
43:20 Ballistics
43:10 Clinker Construction
42:34 Siege Ram
42:45 Hussar
45:14 Siege Engineers
45:20 Clinker Construction
DDk
11:38 Feudal Age
15:37 Castle Age
13:38 Double-Bit Axe
15:12 Horse Collar
17:50 Bow Saw
22:29 Stone Mining
22:31 Gold Mining
23:45 Wheelbarrow
23:03 Loom
24:38 Stone Shaft Mining
24:11 Heavy Plow
25:02 Hand Cart
26:59 Gold Shaft Mining
26:38 Town Watch
31:49 Imperial Age
29:28 Fletching
30:58 Ballistics
31:21 Bodkin Arrow
31:27 Padded Archer Armor
32:29 Bloodlines
32:20 Husbandry
32:44 Bracer
33:00 Leather Archer Armor
33:50 Chemistry
32:56 Siege Engineers
33:53 Conscription
34:44 Forging
34:40 Scale Barding Armor
35:17 Elite Mangudai
35:49 Elite Mangudai
37:55 Parthian Tactics
37:36 Thumb Ring
38:59 Capped Ram
40:26 Siege Ram
44:01 Drill
CO[M]BO
9:51 Feudal Age
10:22 Double-Bit Axe
10:20 Domestication
14:38 Loom
16:57 Scale Barding Armor
18:22 Forging
23:29 Wheelbarrow
26:48 Castle Age
27:59 Castle Age
28:07 Light Cavalry
29:30 Iron Casting
30:43 Chain Barding Armor
33:41 Bow Saw
35:04 Fervor
37:54 Hand Cart
42:52 Imperial Age
41:14 Pastoralism
42:30 Husbandry
44:09 Plate Barding Armor
45:52 Hussar
46:56 Conscription
47:20 Ordo Cavalry
NADOLEAN
9:23 Feudal Age
10:23 Double-Bit Axe
11:51 Loom
12:26 Forging
18:20 Bloodlines
22:42 Castle Age
21:59 Scale Barding Armor
21:43 Horse Collar
23:51 Bow Saw
26:01 Chain Barding Armor
28:30 Husbandry
34:55 Iron Casting
38:11 Heavy Plow
43:08 Imperial Age
40:20 Light Cavalry
43:21 Cavalier
44:43 Plate Barding Armor
46:46 Blast Furnace
PHAT Johnson
6:59 Loom
9:56 Feudal Age
12:52 Fletching
15:31 Padded Archer Armor
17:10 Double-Bit Axe
19:18 Horse Collar
21:03 Wheelbarrow
24:51 Castle Age
23:02 Gold Mining
24:53 Crossbowman
25:29 Bodkin Arrow
27:08 Bow Saw
27:47 Thumb Ring
28:21 Leather Archer Armor
29:49 Ballistics
32:02 Heavy Plow
33:25 Hand Cart
35:35 Town Watch
46:19 Imperial Age
45:48 Medical Corps
49:43 Imperial Age
Neuntote
1:28 Loom
13:29 Feudal Age
14:35 Wheelbarrow
18:59 Castle Age
17:20 Double-Bit Axe
17:32 Man-at-Arms
19:53 Long Swordsman
21:19 Fletching
23:48 Bow Saw
23:25 Pikeman
24:08 Squires
31:18 Hand Cart
30:55 Arson
31:26 Town Watch
32:10 Forging
32:35 Horse Collar
36:21 Imperial Age
35:32 Halberdier
37:07 Iron Casting
41:14 Forced Levy
40:38 Two-Handed Swordsman
45:57 Husbandry
Wekawekawooo
8:07 Loom
10:18 Feudal Age
12:31 Double-Bit Axe
13:57 Fletching
14:22 Town Watch
23:31 Castle Age
22:06 Horse Collar
24:47 Bodkin Arrow
25:13 Gold Mining
27:31 Crossbowman
29:29 Padded Archer Armor
30:58 Wheelbarrow
32:02 Heavy Plow
33:30 Ballistics
34:24 Thumb Ring
34:38 Leather Archer Armor
34:56 Hand Cart
35:05 Town Patrol
38:51 Imperial Age
39:25 Bow Saw
39:50 Gold Shaft Mining
39:58 Gold Shaft Mining
39:32 Bracer
40:35 Chemistry
38:59 Arbalester
40:32 Stone Mining
41:46 Two-Man Saw
41:23 Crop Rotation
42:21 Masonry
42:07 Murder Holes
43:53 Conscription
Connection lost

Rejoining the realm…

Still unreachable

The connection could not be restored.

Session expired

The server has moved on; the page needs a fresh start.